[Event "Late-Titled-Tuesday-Blitz-April-23-2024"]
[Site "Chess.com"]
[Date "2024.04.23"]
[Round "11"]
[White "elmusmolamas"]
[Black "GelmanAlexander"]
[Result "0-1"]
[WhiteElo "2526"]
[BlackElo "2645"]
[TimeControl "180+1"]
[EndTime "16:04:06 PDT"]
[Termination "GelmanAlexander won by resignation"]

1. e4 c5 2. Nc3 e6 3. g3 a6 4.
Bg2 d6 5. Nge2 Nc6 6. O-O Nf6 7. d4 cxd4 8. Nxd4 Bd7 9. Be3 Be7 10. Nxc6 Bxc6 11. Qd4 O-O 12. Rad1 Rc8 13. Qb6 Qe8 14. h3 Nd7 15. Qa5 Ne5 16. b3 Qd8 17. Bb6 Qe8 18. f4 Nd7 19. Bf2 f5 20. exf5 Bxg2 21.
Kxg2 Rxf5 22. Qb4 d5 23. Ne4 Bxb4 0-1

[Event "Late-Titled-Tuesday-Blitz-April-23-2024"]
[Site "Chess.com"]
[Date "2024.04.23"]
[Round "11"]
[White "LikeWater"]
[Black "ACollins05"]
[Result "1-0"]
[WhiteElo "2667"]
[BlackElo "2548"]
[TimeControl "180+1"]
[EndTime "16:04:15 PDT"]
[Termination "LikeWater won by resignation"]

1. d4 b5 2. Na3 a6 3. c4 b4 4. Nc2 e6 5. e4 Bb7 6. Bd3 Nf6 7. d5 Bc5 8. e5 Ng8 9. Qg4 g6 10. Bg5 Be7 11. d6 cxd6 12. Bxe7 Qxe7 13. exd6 Qxd6 14. O-O-O Nf6 15. Qh4 Qe7 16. Nf3 Nc6 17. c5 Nd5 18. Qc4 Na5 19. Qd4 b3 20. Qxh8+ Qf8 21. Qxf8+ Kxf8 22. axb3 Nxb3+ 23. Kb1 Bc6 24. Bc4 Rb8 25. Bxb3 Rxb3 26. Nfd4 Rb7 27. Nxc6 Nc3+ 28. Kc1 Nxd1 29. Rxd1 dxc6 30. Rd6 1-0

[Event "Late-Titled-Tuesday-Blitz-April-23-2024"]
[Site "Chess.com"]
[Date "2024.04.23"]
[Round "11"]
[White "jij2018"]
[Black "frequentblunders"]
[Result "1-0"]
[WhiteElo "2513"]
[BlackElo "2207"]
[TimeControl "180+1"]
[EndTime "16:04:58 PDT"]
[Termination "jij2018 won by resignation"]

1. e4 e6 2. d4 c5 3. Nf3 cxd4 4. Nxd4 Nf6 5. Nc3 Nc6 6. Nxc6 bxc6 7. e5 Nd5 8. Ne4 Ba6 9. c4 Qb6 10. cxd5 exd5 11. Bxa6 dxe4 12. Be2 Bc5 13. O-O O-O 14. Qxd7 Rad8 15. Qf5 Rfe8 16. Qxe4 Rd4 17. Qc2 Rxe5 18.
Be3 Rdd5 19. Bf3 Rd8 20. Bxc5 Rxc5 21. Qe2 g6 22. Rfd1 Rb8 23. b3 Qc7 24. Rac1 Rxc1 25.
Rxc1 c5 26. g3 Rc8 27. Qc4 Qd6 28. Qd5 Qe7 29. b4 Rd8 30. Qxc5 Qxc5 31. bxc5 1-0

[Event "Late-Titled-Tuesday-Blitz-April-23-2024"]
[Site "Chess.com"]
[Date "2024.04.23"]
[Round "11"]
[White "Pig-filth"]
[Black "ImportedItalianMaple"]
[Result "0-1"]
[WhiteElo "2269"]
[BlackElo "2458"]
[TimeControl "180+1"]
[EndTime "16:05:16 PDT"]
[Termination "ImportedItalianMaple won by resignation"]

1. d4 g6 2. e4 Bg7 3. Nc3 d6 4. Nf3 a6 5. Be3 b5 6. a3 Bb7 7. Qd2 Nd7 8. Bd3 e6 9. O-O c5 10. Rfe1 Ne7 11. h3 O-O 12. Rad1 Qc7 13. Bf1 Rad8 14. Bh6 Rfe8 15. Bxg7 Kxg7 16. dxc5 dxc5 17.
Qd6 Qxd6 18. Rxd6 Nf6 19. Rb6 Rd7 20. Ne5 Rc7 21. f3 Rd8 22. Rd1 Rxd1 23. Nxd1 Nc8 24. Rxb7 Rxb7 25. Ne3 Ne7 26. Kf2 Nd7 27. Nd3 Rc7 28.
c3 f6 29. Be2 Nb6 30. Nf4 Kf7 31.
Ke1 e5 32. Nd3 c4 33. Nb4 a5 34. Na6 Rc8 35. a4 Nxa4 0-1

[Event "Late-Titled-Tuesday-Blitz-April-23-2024"]
[Site "Chess.com"]
[Date "2024.04.23"]
[Round "11"]
[White "Orest_Vovk"]
[Black "A4RookA3"]
[Result "0-1"]
[WhiteElo "2536"]
[BlackElo "2365"]
[TimeControl "180+1"]
[EndTime "16:05:31 PDT"]
[Termination "A4RookA3 won by resignation"]

1. h4 Nf6 2. h5 h6 3. Nf3 b6 4. g4 Bb7 5. Rg1 a5 6. g5 hxg5 7. Nxg5 Rxh5 8. d4 e6 9. Nc3 d5 10. Bf4 Bd6 11. Qd2 Bxf4 12. Qxf4 Qd6 13. Qxd6 cxd6 14. Nb5 Ke7 15. e3 Bc6 16. O-O-O Nbd7 17. f4 Rah8 18. Bd3 Ne4 19. Bxe4 dxe4 20. Nxd6 Rxg5 21.
Rxg5 Kxd6 22. Rxg7 Ke7 23. c4 Nf6 24. f5 exf5 25. d5 Bd7 26. Kc2 Rc8 27. Kc3 Ng4 28. Re1 Ne5 29. b3 b5 30. Kd4 Nf3+ 0-1

[Event "Late-Titled-Tuesday-Blitz-April-23-2024"]
[Site "Chess.com"]
[Date "2024.04.23"]
[Round "11"]
[White "tarno17"]
[Black "titomagno_64"]
[Result "0-1"]
[WhiteElo "2161"]
[BlackElo "2317"]
[TimeControl "180+1"]
[EndTime "16:05:33 PDT"]
[Termination "titomagno_64 won by resignation"]

1. e4 g6 2. d4 Nf6 3. Nc3 d5 4. f3 dxe4 5. Nxe4 Nxe4 6. fxe4 e5 7. d5 Qh4+ 8. Kd2 Qxe4 9. Qf3 Bh6+ 10. Kd1 Bg4 11.
Bxh6 Qxd5+ 12. Bd3 Bxf3+ 13. gxf3 e4 14. Nh3 exd3 15.
Re1+ Kd7 16. Re3 dxc2+ 17. Kxc2 Qf5+ 18. Rd3+ Kc8 19. Nf2 Nc6 20. a3 Ne5 21. Rd1 Nxd3 22. Rxd3 Rd8 0-1

[Event "Late-Titled-Tuesday-Blitz-April-23-2024"]
[Site "Chess.com"]
[Date "2024.04.23"]
[Round "11"]
[White "zano2023"]
[Black "martinmena"]
[Result "0-1"]
[WhiteElo "2151"]
[BlackElo "2164"]
[TimeControl "180+1"]
[EndTime "16:05:38 PDT"]
[Termination "martinmena won by resignation"]

1. d4 d5 2. Nf3 Nf6 3. Nbd2 e6 4. e3 Be7 5. Bd3 O-O 6. O-O Nbd7 7. c3 b6 8. Qe2 Bb7 9. e4 dxe4 10. Nxe4 Nxe4 11. Bxe4 Bxe4 12. Qxe4 Nf6 13. Qe2 c5 14. dxc5 Bxc5 15.
Bg5 Be7 16. Rad1 Qc7 17. Rd2 Rfd8 18. Rfd1 Nd5 19. Bxe7 Nxe7 20. Nd4 a6 21. Nxe6 fxe6 22.
Qxe6+ Kh8 23. Rd7 Rxd7 24. Rxd7 Qf4 25. g3 Qc1+ 26. Kg2 Ng8 27. f4 Qxb2+ 28. Kh3 Qxc3 29. Qxb6 Qc8 30. Qd4 Nf6 0-1

[Event "Late-Titled-Tuesday-Blitz-April-23-2024"]
[Site "Chess.com"]
[Date "2024.04.23"]
[Round "11"]
[White "andrew-blr"]
[Black "Slovineanu"]
[Result "1-0"]
[WhiteElo "2636"]
[BlackElo "2497"]
[TimeControl "180+1"]
[EndTime "16:05:39 PDT"]
[Termination "andrew-blr won by resignation"]

1. d4 Nf6 2. c4 e6 3. Nc3 d5 4. cxd5 Nxd5 5. e4 Nxc3 6. bxc3 c5 7. Rb1 cxd4 8. cxd4 Be7 9. Nf3 O-O 10. Bd3 Nc6 11.
Bb2 Qa5+ 12. Kf1 Qxa2 13. h4 b6 14. Kg1 Ba6 15. Bc2 Nb4 16. Bb3 Qa5 17. Rh3 Qh5 18. Rg3 Bd3 19. d5 f6 20. Rc1 Bxe4 21. Rc7 Rae8 22. d6 Bxd6 23. Rcxg7+ Kh8 24. Qxd6 Nd5 25. Bxd5 Bxd5 26. Rg8+ 1-0

[Event "Late-Titled-Tuesday-Blitz-April-23-2024"]
[Site "Chess.com"]
[Date "2024.04.23"]
[Round "11"]
[White "sergoy"]
[Black "JoakimVonAnd"]
[Result "1-0"]
[WhiteElo "2950"]
[BlackElo "2741"]
[TimeControl "180+1"]
[EndTime "16:05:42 PDT"]
[Termination "sergoy won by resignation"]

1. d4 d5 2. c4 e6 3. Nf3 Nf6 4. Nc3 c5 5. e3 a6 6. cxd5 exd5 7.
Be2 Nc6 8. O-O c4 9. Ne5 Bd6 10. f4 O-O 11. Bf3 Ne7 12. Bd2 b5 13. a3 Bf5 14. Be1 Ne4 15. g4 Nxc3 16. Bxc3 Be4 17. Bxe4 dxe4 18. Qc2 f6 19. Qxe4 fxe5 20. fxe5 Bc7 21.
Rxf8+ Qxf8 22. Bb4 a5 23. Bxe7 Qe8 24. Rf1 1-0

[Event "Late-Titled-Tuesday-Blitz-April-23-2024"]
[Site "Chess.com"]
[Date "2024.04.23"]
[Round "11"]
[White "Oleg_Papayan"]
[Black "subham777"]
[Result "1-0"]
[WhiteElo "2655"]
[BlackElo "2543"]
[TimeControl "180+1"]
[EndTime "16:05:43 PDT"]
[Termination "Oleg_Papayan won by checkmate"]

1. e4 e6 2. d4 d5 3. Nc3 Nf6 4. Bg5 Be7 5. e5 Nfd7 6. Bxe7 Qxe7 7. f4 a6 8. Qg4 O-O 9. Nf3 c5 10. Bd3 f5 11. Qg5 Qxg5 12. Nxg5 cxd4 13. Ne2 Nc5 14.
Nxd4 h6 15. Ngf3 Bd7 16. Kd2 Nc6 17. Nxc6 Bxc6 18. Nd4 Rae8 19. Ke3 g5 20. g3 Kf7 21. b4 Nxd3 22. cxd3 Ke7 23. Rhc1 Rc8 24. Rc5 Bd7 25. Rac1 b6 26. Rc7 Rxc7 27. Rxc7 Ra8 28. Rb7 b5 29. Nb3 Kd8 30. Nc5 Bc8 31. Rh7 a5 32. Nxe6+ Bxe6 33. Rh8+ Kc7 34. Rxa8 axb4 35. Kd4 Kb6 36. Rh8 gxf4 37.
gxf4 Ka5 38. Rxh6 Bc8 39. e6 Ka4 40. e7 Bd7 41. Ra6# 1-0

[Event "Late-Titled-Tuesday-Blitz-April-23-2024"]
[Site "Chess.com"]
[Date "2024.04.23"]
[Round "11"]
[White "Brahianzevich"]
[Black "m_ezat"]
[Result "1-0"]
[WhiteElo "2485"]
[BlackElo "2593"]
[TimeControl "180+1"]
[EndTime "16:05:43 PDT"]
[Termination "Brahianzevich won by checkmate"]

1. e4 d5 2. exd5 c6 3. Nc3 cxd5 4. d4 Nc6 5. Nf3 Nf6 6. h3 g6 7.
Bb5 Bg7 8. O-O O-O 9. Re1 a6 10. Bxc6 bxc6 11. Ne5 Qb6 12. Na4 Qb7 13. Nc5 Qb6 14.
a4 a5 15. b3 Rd8 16. Qf3 Bf5 17.
g4 Be4 18. Qf4 h6 19. h4 Rf8 20. c3 Ra7 21. f3 Bc2 22. Re2 g5 23. hxg5 hxg5 24.
Qxg5 Bh7 25. Rh2 Ne8 26. Qh4 Bg6 27. Bh6 Bf6 28. Qg3 Ng7 29. Ned7 Rxd7 30. Nxd7 Qxb3 31.
Nxf8 Kxf8 32. g5 Qxc3 33. Qb8# 1-0

[Event "Late-Titled-Tuesday-Blitz-April-23-2024"]
[Site "Chess.com"]
[Date "2024.04.23"]
[Round "11"]
[White "rikchessmx"]
[Black "protectiago"]
[Result "1-0"]
[WhiteElo "2284"]
[BlackElo "2069"]
[TimeControl "180+1"]
[EndTime "16:05:48 PDT"]
[Termination "rikchessmx won by resignation"]

1. e4 e5 2. d4 exd4 3. Qxd4 Nc6 4. Qc4 d6 5. Nc3 Be6 6. Qe2 Nf6 7. Be3 Be7 8. f3 O-O 9. O-O-O a6 10. g4 b5 11. g5 Nd7 12. f4 Bc4 13. Qh5 Bxf1 14. Rxf1 f5 15. exf5 Rxf5 16. Nf3 g6 17. Qg4 Qe8 18. Bd2 Nc5 19. Re1 Qf8 20. Nh4 Rf7 21. Nd5 b4 22. Rhf1 a5 23. f5 gxf5 24. Nxf5 Re8 25.
Nh6+ Kh8 26. Nxf7+ Kg8 27. Nh6+ 1-0

[Event "Late-Titled-Tuesday-Blitz-April-23-2024"]
[Site "Chess.com"]
[Date "2024.04.23"]
[Round "11"]
[White "zacachess"]
[Black "giomar27"]
[Result "1/2-1/2"]
[WhiteElo "2336"]
[BlackElo "2495"]
[TimeControl "180+1"]
[EndTime "16:05:49 PDT"]
[Termination "Game drawn by repetition"]

1. e4 e5 2. Nf3 Nc6 3. d4 exd4 4. Nxd4 Bc5 5. Nb3 Bb6 6. Nc3 Nf6 7. Qe2 O-O 8. Bg5 h6 9. Bh4 a5 10. a4 Nd4 11. Qd3 Nxb3 12. cxb3 d6 13. O-O-O Be6 14. Qc2 g5 15. Bg3 Nh5 16. Bd3 Qf6 17. Rde1 Nf4 18.
h4 Bxb3 19. Qd2 Kg7 20. Kb1 Be6 21. e5 dxe5 22. hxg5 hxg5 23. Rh7+ Kg8 24. Reh1 Nxd3 25. Qxd3 Bf5 26. Rh8+ Kg7 27. R1h7+ Kg6 28. Rh6+ Kg7 29. R6h7+ Kg6 30. Rh6+ Kg7 31. R8h7+ Kg8 32. Rh8+ Kg7 1/2-1/2

[Event "Late-Titled-Tuesday-Blitz-April-23-2024"]
[Site "Chess.com"]
[Date "2024.04.23"]
[Round "11"]
[White "Bryanl106"]
[Black "Evan_Attaker"]
[Result "0-1"]
[WhiteElo "2693"]
[BlackElo "2635"]
[TimeControl "180+1"]
[EndTime "16:05:52 PDT"]
[Termination "Evan_Attaker won by resignation"]

1. e4 c5 2. Nf3 d6 3. d4 cxd4 4. Nxd4 Nf6 5. Nc3 g6 6. Be3 Bg7 7. f3 O-O 8. Qd2 Nc6 9. O-O-O d5 10. Qe1 e5 11. Nxc6 bxc6 12. exd5 Nxd5 13. Bc4 Be6 14.
Kb1 Re8 15. Ne4 f5 16. Ng5 Bc8 17. h4 h6 18. Ne4 Be6 19. Nc5 Bf7 20. g4 fxg4 21.
fxg4 e4 22. Nb3 Qe7 23. Bd4 e3 24. Bxg7 Kxg7 25. g5 h5 26. Bxd5 Bxd5 27. Qc3+ Qe5 28. Rhe1 Qxc3 29. bxc3 Rab8 30. Rd3 a5 31. Kc1 a4 32.
Nc5 e2 33. Nxa4 Bxa2 34. Kd2 Rb7 35. Nc5 Rf7 36. Rd4 Rfe7 37. Ra4 Bd5 38. Rd4 Bf3 39. Rf4 Bg4 40. Nd3 Re3 41. Nb4 c5 42. Nd5 Rh3 43. Nf6 Rd8+ 44. Kc1 Rd1+ 0-1

[Event "Late-Titled-Tuesday-Blitz-April-23-2024"]
[Site "Chess.com"]
[Date "2024.04.23"]
[Round "11"]
[White "wild3000"]
[Black "contrerasfiorella"]
[Result "0-1"]
[WhiteElo "2408"]
[BlackElo "2255"]
[TimeControl "180+1"]
[EndTime "16:05:54 PDT"]
[Termination "contrerasfiorella won by resignation"]

1. d4 d5 2. c3 Nf6 3. e3 c5 4. f4 Bg4 5. Qb3 Qc7 6. Nf3 Bxf3 7. Bb5+ Nbd7 8. gxf3 cxd4 9. O-O dxe3 10. Bxe3 e6 11. f5 Bc5 12. Bxc5 Qxc5+ 13. Kh1 O-O 14. Nd2 Qe3 15. Rad1 Nc5 16. Qb4 Rac8 17. Qd4 Qg5 18. b4 a6 19. Be2 Ncd7 20. fxe6 fxe6 21. Rg1 Qe5 22. Qd3 Nh5 23. Bf1 Nf4 24. Qb1 Rxc3 25.
Re1 Re3 26. Bd3 Nxd3 0-1

[Event "Late-Titled-Tuesday-Blitz-April-23-2024"]
[Site "Chess.com"]
[Date "2024.04.23"]
[Round "11"]
[White "Zhigalko_Sergei"]
[Black "chucksterf10"]
[Result "1-0"]
[WhiteElo "2879"]
[BlackElo "2622"]
[TimeControl "180+1"]
[EndTime "16:06:06 PDT"]
[Termination "Zhigalko_Sergei won by resignation"]

1. e4 Nc6 2. Nf3 d5 3. exd5 Qxd5 4. Nc3 Qa5 5. d4 Bg4 6. Bb5 O-O-O 7. Bxc6 bxc6 8.
Qe2 e6 9. h3 Bh5 10. g4 Bg6 11.
Ne5 Ne7 12. Be3 f6 13. Nc4 Qb4 14. a3 Qb7 15. O-O-O Nd5 16. Bd2 Bf7 17. Rhe1 Nxc3 18. Bxc3 Qb5 19. b3 e5 20. a4 exd4 21. axb5 cxb5 22.
Na5 Bc5 23. Qxb5 Bb6 24. Bxd4 Rxd4 25. Rxd4 Bxd4 26. Qb7+ Kd7 27. Rd1 1-0

[Event "Late-Titled-Tuesday-Blitz-April-23-2024"]
[Site "Chess.com"]
[Date "2024.04.23"]
[Round "11"]
[White "Cambek64"]
[Black "RebecaJimnz"]
[Result "1-0"]
[WhiteElo "2528"]
[BlackElo "2316"]
[TimeControl "180+1"]
[EndTime "16:06:10 PDT"]
[Termination "Cambek64 won by resignation"]

1. e4 e5 2. Nf3 Nc6 3. Bb5 Nf6 4. d3 Bc5 5. O-O d6 6. c3 O-O 7. h3 h6 8. Nbd2 a6 9. Bxc6 bxc6 10. d4 Ba7 11. dxe5 dxe5 12. Nxe5 Qd6 13. Nec4 Qe6 14. Re1 a5 15. Qf3 a4 16. Ne3 Nh7 17. h4 Qf6 18.
Qxf6 Nxf6 19. f3 Nd7 20. Nf1 Ne5 21. Kh2 Ba6 22. Nf5 Nd3 23. Rd1 Rad8 24. Ne7+ Kh7 25. Nxc6 Ra8 26. Nxa7 Rxa7 27. Be3 Rb7 28. b3 Nb2 29.
Rd2 Bxf1 30. Rxf1 a3 31. Bc5 Re8 32. Bxa3 1-0

[Event "Late-Titled-Tuesday-Blitz-April-23-2024"]
[Site "Chess.com"]
[Date "2024.04.23"]
[Round "11"]
[White "alexrustemov"]
[Black "jefferyx"]
[Result "0-1"]
[WhiteElo "2855"]
[BlackElo "3108"]
[TimeControl "180+1"]
[EndTime "16:06:13 PDT"]
[Termination "jefferyx won by resignation"]

1. d4 f5 2. g3 g6 3. Bg2 Bg7 4. Nf3 Nf6 5. O-O O-O 6. c4 d6 7. Nc3 Nc6 8. d5 Na5 9. b3 c5 10.
Bd2 a6 11. Qe1 b5 12. Rc1 b4 13. Nd1 Nb7 14. Ng5 a5 15. e4 fxe4 16. Nxe4 a4 17. Ne3 axb3 18. axb3 Ra3 19. Rb1 Na5 20. Qd1 Bd7 21. Bc1 Ra2 22. Ng5 Ne8 23. h4 Nc7 24.
Qd3 Qe8 25. Bd2 h6 26. Nh3 e6 27. dxe6 Nxe6 28. Nd5 Nd4 29. Rbe1 Bf5 0-1

[Event "Late-Titled-Tuesday-Blitz-April-23-2024"]
[Site "Chess.com"]
[Date "2024.04.23"]
[Round "11"]
[White "jinxy2009"]
[Black "Kratos031"]
[Result "0-1"]
[WhiteElo "2293"]
[BlackElo "2462"]
[TimeControl "180+1"]
[EndTime "16:06:13 PDT"]
[Termination "Kratos031 won by resignation"]

1. e4 c5 2. Nf3 Nc6 3. d4 cxd4 4. Nxd4 e5 5. Nb5 d6 6. c4 Be7 7. N5c3 Be6 8. Nd5 Nf6 9. Bd3 O-O 10. Nbc3 a6 11.
O-O Rc8 12. b3 Nd4 13. Be3 Bxd5 14. Nxd5 Nxd5 15. cxd5 Qa5 16. Bxd4 exd4 17. f4 Rc3 18. Rf3 Rfc8 19. Rh3 g6 20. f5 Qa3 21. Bc4 Bf6 22.
fxg6 hxg6 23. Qf1 Bg7 24. Rf3 Rxf3 25. Qxf3 b5 26. Rf1 Rc7 27. Bd3 Qxa2 28. b4 Qd2 29. h4 Qe3+ 30. Qxe3 dxe3 31. Re1 Rc3 32. Bb1 Rb3 33. Kf1 Bd4 34. Ke2 Rxb4 35. Kd3 Bc5 36.
Bc2 a5 37. Ra1 a4 38. Ke2 Rb2 39. Kd1 a3 40. Bd3 b4 41. Kc1 Rxg2 0-1

[Event "Late-Titled-Tuesday-Blitz-April-23-2024"]
[Site "Chess.com"]
[Date "2024.04.23"]
[Round "11"]
[White "Bala-Afiada"]
[Black "Sesleria"]
[Result "0-1"]
[WhiteElo "1985"]
[BlackElo "2133"]
[TimeControl "180+1"]
[EndTime "16:06:14 PDT"]
[Termination "Sesleria won by resignation"]

1. d4 d5 2. c4 e6 3. Nf3 c6 4. Qc2 f5 5. b3 Nf6 6. g3 Bd6 7. Bg2 O-O 8. Ba3 Qe7 9. Bxd6 Qxd6 10. O-O b6 11. Nbd2 Bb7 12. Ne5 c5 13. e3 cxd4 14.
exd4 Nc6 15. Nxc6 Bxc6 16. Nf3 Rac8 17. Rad1 Ne4 18. Ne5 Bb7 19. f3 Nf6 20. a4 f4 21.
g4 dxc4 22. bxc4 Nd5 23. c5 bxc5 24. dxc5 Qxe5 25. Rfe1 Ne3 26. Qb3 Bd5 27. Qb4 Qc7 28. Rc1 Qc6 29. Kf2 Nxg2 30. Kxg2 Bxf3+ 31. Kf2 Bxg4 32. Re5 Qf3+ 33. Kg1 Bh3 34. Qd2 Rf6 35. Rc3 Rg6+ 0-1

[Event "Late-Titled-Tuesday-Blitz-April-23-2024"]
[Site "Chess.com"]
[Date "2024.04.23"]
[Round "11"]
[White "xasid81"]
[Black "Naoki"]
[Result "0-1"]
[WhiteElo "2663"]
[BlackElo "2587"]
[TimeControl "180+1"]
[EndTime "16:06:18 PDT"]
[Termination "Naoki won by resignation"]

1. Nf3 Nf6 2. Nc3 d5 3. d4 Bf5 4. Bg5 e6 5. e3 Nbd7 6. Bd3 Bg6 7. O-O c6 8. Qe2 Be7 9. Bf4 O-O 10. h3 Bb4 11.
Nd1 Re8 12. c3 Ba5 13. Ne5 Bc7 14. Nxg6 hxg6 15. Bxc7 Qxc7 16. f4 c5 17. Nf2 c4 18.
Bc2 b5 19. Ng4 a5 20. Ne5 Rab8 21. g4 b4 22. g5 Nh5 23. Nxg6 fxg6 24. Bxg6 Ng3 25.
Qg4 Nxf1 26. Rxf1 Nf8 27. Bxe8 Rxe8 28. f5 exf5 29. Rxf5 Rxe3 30. Kf2 Re4 31. Qf3 Qh2+ 32. Kf1 Ng6 33. Rf7 Rf4 34. Rxf4 Qxf4 35. Ke2 Qxg5 36. cxb4 axb4 37. a4 bxa3 38. bxa3 Nf4+ 39. Kd1 Qg1+ 40. Kc2 Qxd4 41. a4 Qd3+ 42. Qxd3 Nxd3 43. a5 Nc5 44.
Kc3 Kf7 45. Kb4 Na6+ 46. Kb5 c3 0-1

[Event "Late-Titled-Tuesday-Blitz-April-23-2024"]
[Site "Chess.com"]
[Date "2024.04.23"]
[Round "11"]
[White "MyDream003"]
[Black "GoltsevDmitry2000"]
[Result "0-1"]
[WhiteElo "2815"]
[BlackElo "2760"]
[TimeControl "180+1"]
[EndTime "16:06:26 PDT"]
[Termination "GoltsevDmitry2000 won by checkmate"]

1. e4 e6 2. d4 d5 3. exd5 exd5 4. Nf3 Nf6 5. Bd3 c5 6. O-O Be7 7. dxc5 Bxc5 8. Re1+ Be6 9. Be3 Bb6 10. Nc3 O-O 11.
Bxb6 Qxb6 12. Nd4 Bg4 13. Qd2 Nc6 14. Nxc6 bxc6 15. Na4 Qc7 16. b3 Rfe8 17. h3 Bh5 18. Rxe8+ Rxe8 19. Re1 Rxe1+ 20. Qxe1 Bg6 21. Qe3 Bxd3 22.
cxd3 h6 23. g3 Qa5 24. Kg2 Qc7 25. b4 Qd6 26. Qd4 Qe7 27. Nc3 Qe1 28. a4 Qd2 29. a5 a6 30. Na4 Ne4 31. h4 Qd1 32. Nb6 Nd2 33. Kh3 h5 34. Qe3 Qh1# 0-1

[Event "Late-Titled-Tuesday-Blitz-April-23-2024"]
[Site "Chess.com"]
[Date "2024.04.23"]
[Round "11"]
[White "Cluke86"]
[Black "Boorchess"]
[Result "0-1"]
[WhiteElo "2357"]
[BlackElo "2530"]
[TimeControl "180+1"]
[EndTime "16:06:29 PDT"]
[Termination "Boorchess won by resignation"]

1. e4 c5 2. Nc3 a6 3. Nge2 d6 4. g3 g6 5. Bg2 Bg7 6. O-O Nc6 7. d3 e6 8. f4 Nge7 9. h3 Rb8 10. a4 b5 11.
axb5 axb5 12. g4 b4 13. Nb1 f5 14. Nd2 O-O 15. Nf3 Qb6 16. Kh2 Nd4 17. Nexd4 cxd4 18. e5 Bb7 19. Qe2 fxg4 20. hxg4 Bxf3 21.
Bxf3 dxe5 22. fxe5 Nd5 23. Bxd5 Rxf1 24. Qxf1 Bxe5+ 25. Bf4 Qd6 26. Bxe6+ Qxe6 27. Kg3 Rf8 28. Re1 Bxf4+ 29. Kh3 Be3 30. Qg2 h5 0-1

[Event "Late-Titled-Tuesday-Blitz-April-23-2024"]
[Site "Chess.com"]
[Date "2024.04.23"]
[Round "11"]
[White "mishanick"]
[Black "topotun"]
[Result "1-0"]
[WhiteElo "3163"]
[BlackElo "2892"]
[TimeControl "180+1"]
[EndTime "16:06:32 PDT"]
[Termination "mishanick won on time"]

1. d4 Nf6 2. c4 e6 3. Nc3 c5 4. d5 exd5 5. cxd5 d6 6. e4 g6 7.
Be2 Bg7 8. Nf3 O-O 9. Be3 Na6 10. O-O Re8 11. Nd2 Nc7 12. a4 a6 13. Bf4 Rb8 14. a5 Bf8 15. Re1 b5 16. axb6 Rxb6 17. Nc4 Rb4 18.
Bd3 Nb5 19. Na2 Nh5 20. Bd2 a5 21. Nxb4 axb4 22. e5 dxe5 23. Nxe5 Nd4 24. Ra7 Qb6 25. Rxf7 Bg7 26. Nc4 Qd8 27. Rxe8+ Qxe8 28. Rc7 Ba6 29. d6 Qd8 30. Be3 Kh8 31. h3 Nf6 32. Ne5 1-0

[Event "Late-Titled-Tuesday-Blitz-April-23-2024"]
[Site "Chess.com"]
[Date "2024.04.23"]
[Round "11"]
[White "RealPerangel"]
[Black "Durarbayli"]
[Result "1-0"]
[WhiteElo "2745"]
[BlackElo "2888"]
[TimeControl "180+1"]
[EndTime "16:06:33 PDT"]
[Termination "RealPerangel won by checkmate"]

1. e4 c5 2. g3 Nc6 3. Bg2 g6 4. Ne2 Bg7 5. c3 e5 6. d3 Nge7 7. Be3 d6 8. O-O O-O 9. f4 b6 10. f5 gxf5 11. exf5 f6 12. c4 Rb8 13. Nbc3 Nd4 14.
g4 Kh8 15. Ng3 Rg8 16. h4 Qf8 17. Qd2 Qf7 18. Nd5 Bf8 19. Bxd4 cxd4 20. g5 fxg5 21. hxg5 Bh6 22. Ne4 Nxd5 23. cxd5 Bf8 24. g6 hxg6 25. f6 g5 26. Kf2 Rg6 27. Rh1+ Kg8 28. Raf1 Bb7 29.
Ke1 Qxd5 30. Nxg5 Qxg2 31. f7+ Kg7 32. Rh7# 1-0

[Event "Late-Titled-Tuesday-Blitz-April-23-2024"]
[Site "Chess.com"]
[Date "2024.04.23"]
[Round "11"]
[White "Crazy_girl99"]
[Black "KorolDimitriy75"]
[Result "1-0"]
[WhiteElo "2608"]
[BlackElo "2350"]
[TimeControl "180+1"]
[EndTime "16:06:33 PDT"]
[Termination "Crazy_girl99 won on time"]

1. e4 c5 2. Nf3 d6 3. d4 cxd4 4. Nxd4 Nf6 5. Nc3 g6 6. f3 Bg7 7. Bc4 O-O 8. Be3 Nc6 9. Qd2 Bd7 10. Be2 Rc8 11. g4 Ne5 12. h4 a6 13. h5 b5 14.
hxg6 fxg6 15. Bh6 Bxh6 16. Qxh6 Rf7 17. O-O-O b4 18. Nd5 Nxd5 19. exd5 Qa5 20. Kb1 Qc5 21. Ka1 a5 22. f4 Nxg4 23. Bxg4 Bxg4 24. Rd2 a4 25. f5 1-0

[Event "Late-Titled-Tuesday-Blitz-April-23-2024"]
[Site "Chess.com"]
[Date "2024.04.23"]
[Round "11"]
[White "Navyblue1"]
[Black "katharinareinecke"]
[Result "1/2-1/2"]
[WhiteElo "2252"]
[BlackElo "2058"]
[TimeControl "180+1"]
[EndTime "16:06:33 PDT"]
[Termination "Game drawn by repetition"]

1. d4 c6 2. c4 d5 3. cxd5 cxd5 4.
Nc3 Nc6 5. Bf4 Nf6 6. e3 a6 7. Bd3 e6 8. Rc1 Bd6 9. Bxd6 Qxd6 10. f4 O-O 11. Nf3 b5 12. Ne5 Bb7 13. O-O Na5 14.
Qe2 Nc4 15. Kh1 Ne4 16. Nxe4 dxe4 17. Bxc4 bxc4 18. Qxc4 Rac8 19. Qb3 Bd5 20. Qa4 f6 21. Nd7 Bc6 22. Rxc6 Qxc6 23. Qxc6 Rxc6 24. Nxf8 Kxf8 25.
Kg1 Rc2 26. Rb1 Re2 27. a4 Rxe3 28. b4 Ra3 29. b5 axb5 30. axb5 Ra8 31. b6 Rb8 32. g4 f5 33. gxf5 exf5 34. Kf2 Ke7 35. Ke3 Kd6 36. Rb5 g6 37. Rb4 Kc6 38. b7 Rxb7 39.
Rxb7 Kxb7 40. d5 Kc7 41. Kd4 Kd6 42. h4 h6 43. Kc4 Kc7 44. Kd4 Kd6 45. Kc4 Kd7 46.
Kd4 Kd6 1/2-1/2

[Event "Late-Titled-Tuesday-Blitz-April-23-2024"]
[Site "Chess.com"]
[Date "2024.04.23"]
[Round "11"]
[White "Mandaloriana19"]
[Black "HipsterChess22"]
[Result "1-0"]
[WhiteElo "2369"]
[BlackElo "2199"]
[TimeControl "180+1"]
[EndTime "16:06:36 PDT"]
[Termination "Mandaloriana19 won on time"]

1. d4 d5 2. g3 e6 3. Bg2 f5 4. Nf3 Bd6 5. O-O Qe7 6. Ne1 Nf6 7. Nd3 O-O 8. Nd2 b6 9. Nf3 Bb7 10. b3 c5 11. Bb2 Nbd7 12. e3 a5 13. Nf4 a4 14. Re1 a3 15. Bc1 Ne4 16. Bd2 g5 17.
Nd3 c4 18. Nde5 c3 19. Bc1 g4 20. Nxd7 Qxd7 21. Ne5 Bxe5 22. dxe5 Qg7 23. Qd4 Qc7 24. Rb1 Qc5 25. Rd1 Ba6 26. Re1 Bb5 27. h4 gxh3 28. Bxh3 Kf7 29. Qd1 Ke7 30. Qh5 Rf7 31. Qh4+ Kd7 32.
Bg2 Rg8 33. b4 Qc4 34. Bf1 Qxa2 35. Bxb5+ Kc7 36. Rb3 Nd2 37. Rxc3+ Kb8 38. Bxd2 Qb2 39. Qd4 1-0

[Event "Late-Titled-Tuesday-Blitz-April-23-2024"]
[Site "Chess.com"]
[Date "2024.04.23"]
[Round "11"]
[White "kalinchick"]
[Black "Francisco_Ferrari"]
[Result "1-0"]
[WhiteElo "2429"]
[BlackElo "2195"]
[TimeControl "180+1"]
[EndTime "16:06:40 PDT"]
[Termination "kalinchick won by checkmate"]

1. d4 Nf6 2. Nf3 e6 3. g3 d5 4. Bg2 Be7 5. O-O O-O 6. b3 b5 7.
Bb2 Nbd7 8. Ne5 Bb7 9. c4 bxc4 10.
bxc4 Rb8 11. Qc2 c5 12. Nxd7 Qxd7 13. dxc5 dxc4 14. Ba3 Bxg2 15. Kxg2 Qd5+ 16. Kg1 Ne4 17. Nc3 Nxc3 18. Qxc3 Bf6 19. Qa5 Bxa1 20. Rxa1 Rfc8 21.
Rc1 Qe4 22. e3 Rb1 23. Qa6 Rd8 24. Qa4 Rxc1+ 25. Bxc1 Qb1 26. Kg2 Qxc1 27. Qa5 Rc8 28. c6 Qc2 29. c7 Qe4+ 30. Kg1 Qb7 31. Qa4 Rxc7 32. Qe8# 1-0